 Dungeon Crawl Stone Soup version 0.29.1-12-g30fa7ad0bf (webtiles) character file.

Game seed: 3893785968439843400

90423 zlionsfan the Slicer (level 16, -2/123 HPs)
             Began as a Merfolk Delver on Jan 13, 2023.
             Was a High Priest of Qazlal.
             Slain by Saint Roka
             ... wielding a +3 long sword of flaming
              (9 damage)
             ... on level 2 of the Orcish Mines on Jan 14, 2023.
             The game lasted 01:59:48 (27658 turns).

zlionsfan the Slicer (Merfolk Delver)              Turns: 27658, Time: 01:59:48

Health: -2/123     AC: 13    Str: 17    XL:     16   Next: 0%
Magic:  24/25      EV: 21    Int: 16    God:    Qazlal [*****.]
Gold:   1199       SH:  0    Dex: 22    Spells: 6/28 levels left

rFire   . . .      SeeInvis .   a - +8 dagger "Murmur" {flame, Int+4}
rCold   . . .      Faith    .   (no shield)
rNeg    . . .      Spirit   .   z - +3 leather armour {Will+}
rPois   .          Reflect  +   D - +2 helmet
rElec   .          Harm     .   x - scarf {+Inv}
rCorr   .          Rampage  .   B - +0 pair of gloves
Will    ++...                   s - +1 pair of boots
Stlth   +.........              y - amulet of reflection
HPRegen 0.30/turn               n - +6 ring of dexterity
MPRegen 0.19/turn               H - ring of wizardry

@: confused, ambrosia-drunk, repel missiles
A: (nimble swimmer 2), mertail, no potion heal 1
a: Renounce Religion, Evoke Invisibility, Upheaval, Elemental Force, Disaster
Area


You were on level 2 of the Orcish Mines.
You worshipped Qazlal.
Qazlal was extremely pleased with you.
You visited 4 branches of the dungeon, and saw 23 of its levels.
You also visited: Bailey.

You collected 1918 gold pieces.
You spent 719 gold pieces at shops.

Inventory:

Hand Weapons
 a - the +8 dagger "Murmur" (weapon) {flame, Int+4}
   (You found it on level 2 of the Dungeon)

   It burns those it strikes, dealing additional fire damage.
   Int:       It affects your intelligence (+4).
 b - a +3 glaive of flaming
Armour
 s - a +1 pair of boots (worn)
 x - a scarf of invisibility (worn)
 z - a +3 leather armour of willpower (worn)
 B - a +0 pair of gloves (worn)
 D - a +2 helmet (worn)
Jewellery
 g - a ring of protection from fire
 k - an amulet of the acrobat
 n - a +6 ring of dexterity (left hand)
 o - a ring of protection from cold
 r - a ring of magical power
 y - an amulet of reflection (around neck)
 A - a ring of positive energy
 H - a ring of wizardry (right hand)
 P - a ring of resist corrosion
 U - a ring of poison resistance
Wands
 v - a wand of flame (30)
 I - a wand of acid (7)
 K - a wand of paralysis (4)
 L - a wand of roots (10)
 R - a wand of polymorph (5)
 T - a wand of mindburst (9)
Scrolls
 c - a scroll of fog
 d - 5 scrolls of magic mapping
 e - a scroll of amnesia
 h - a scroll of summoning
 j - 8 scrolls of teleportation
 p - 2 scrolls of silence
 q - 2 scrolls of fear
 t - 7 scrolls of immolation
 C - 4 scrolls of butterflies
 G - 11 scrolls of identify
 J - 4 scrolls of poison
 N - 3 scrolls of vulnerability
Potions
 f - 3 potions of haste
 i - 3 potions of curing
 l - 3 potions of berserk rage
 m - 3 potions of flight
 u - 3 potions of lignification
 w - 7 potions of resistance
 E - 6 potions of mutation
 F - 5 potions of might
 O - 4 potions of brilliance
 Q - a potion of invisibility
Miscellaneous
 S - a lightning rod (1/4)


   Skills:
 + Level 10.4 Fighting
 + Level 14.3 Short Blades
 + Level 8.1 Polearms
 + Level 5.1 Armour
 + Level 12.1 Dodging
 + Level 11.3 Stealth
 + Level 10.2 Shields
 * Level 6.6 Spellcasting
 * Level 5.8 Conjurations
 + Level 0.5 Summonings
 + Level 0.9 Translocations
 + Level 0.2 Fire Magic
 + Level 3.1 Air Magic
 + Level 4.2 Poison Magic
 * Level 12.0 Invocations
 + Level 1.3 Evocations


You had 6 spell levels left.
You knew the following spells:

 Your Spells              Type           Power      Damage    Failure   Level
a - Magic Dart            Conj           92%        1d7       1%          1
b - Blink                 Tloc           16%        N/A       6%          2
c - Confusing Touch       Hex            5%         N/A       19%         3
d - Mephitic Cloud        Conj/Pois/Air  19%        N/A       3%          3
e - Wereblood             Tmut           5%         N/A       10%         2
f - Iskenderun's Mystic   Conj/Tloc      16%        2d5       16%         4
g - Fulminant Prism       Conj/Hex       7%         3d7       19%         4
h - Ignite Poison         Fire/Tmut/Pois 10%        N/A       10%         3

Your spell library contained the following spells:

 Spells                   Type           Power      Damage    Failure   Level
 Summon Small Mammal      Summ           28%        N/A       4%          1
 Conjure Flame            Conj/Fire      15%        6-21      5%          3
 Necrotise                Necr           20%        1d5       6%          1
 Slow                     Hex            20%        N/A       6%          1
 Call Imp                 Summ           7%         N/A       8%          2
 Scorch                   Fire           12%        2d5       9%          2
 Sublimation of Blood     Necr           5%         N/A       10%         2
 Lesser Beckoning         Tloc           8%         N/A       13%         3
 Call Canine Familiar     Summ           7%         N/A       16%         3
 Summon Guardian Golem    Hex/Summ       6%         N/A       16%         3
 Tukima's Dance           Hex            5%         N/A       19%         3
 Passage of Golubria      Tloc           8%         N/A       38%         4
 Irradiate                Conj/Tmut      7%         3d14      45%         5
 Animate Dead             Necr           5%         N/A       50%         4
 Petrify                  Tmut/Erth      5%         N/A       50%         4
 Alistair's Intoxication  Tmut/Pois      8%         N/A       54%         5
 Manifold Assault         Tloc           8%         N/A       71%         5
 Summon Mana Viper        Hex/Summ       6%         N/A       80%         5
 Lee's Rapid Deconstruct  Erth           2%         3d6*      83%         5
 Metabolic Englaciation   Hex/Ice        2%         N/A       83%         5
 Yara's Violent Unravell  Hex/Tmut       2%         3d3       83%         5
 Starburst                Conj/Fire      7%         6d4       92%         6
 Eringya's Noxious Bog    Tmut/Pois      6%         N/A       98%         6
 Statue Form              Tmut/Erth      3%         N/A       100%        6
 Dragon Form              Tmut           2%         N/A       100%        7
 Enfeeble                 Hex            2%         N/A       100%        7
 Ozocubu's Refrigeration  Ice            2%         4d8       100%        7
 Summon Hydra             Summ           3%         N/A       100%        7
 Infestation              Necr           2%         N/A       100%        8
 Death's Door             Necr           2%         N/A       100%        9


Dungeon Overview and Level Annotations

Branches:
Dungeon (15/15)            Temple (1/1) D:7            Lair (5/5) D:10
 Shoals (0/4) Lair:2        Snake (0/4) Lair:3        Slime (0/5) Lair:4
    Orc (2/2) D:9          Vaults (0/5) D:13         Depths (0/4) D:15
 Bailey (visited)
    Elf: Orc:2

Altars:
Ashenzari
Cheibriados
Dithmenos
Elyvilon
Fedhas
Gozag
Hepliaklqana
Kikubaaqudgha
Makhleb
Nemelex Xobeh
Okawaru
Qazlal
Ru
Sif Muna
Trog
Uskayaw
Vehumet
Wu Jian
Xom
Yredelemnul
Zin
The Shining One
Jiyva

Shops:
D:1 (:*::   D:4 !   D:9 =   D:11 (   D:12 *

Annotations:
D:8 3 runed translucent doors, hawla's ghost, novice MeIE
Lair:1 exclusion: oklob plant
Lair:3 exclusion: oklob plant
Orc:2 Saint Roka


Innate Abilities, Weirdness & Mutations

((You are very nimble when in or above water. (Stealth+, EV+, Speed+++)))
Your lower body shifts to a powerful aquatic tail in water.
Potions are less effective at restoring your health.


Message History

Aim: Saint Roka, wielding a +3 long sword of flaming and wearing a +0 plate armour of fire resistance (severely wounded, 83% to hit)
The bolt of acid hits Saint Roka but does no damage.
Saint Roka is severely wounded.
Saint Roka closely misses you.
Aiming: Corrosive Bolt
Press: ? - help, Shift-Dir - straight line, f/p - Saint Roka
Aim: Saint Roka, wielding a +3 long sword of flaming and wearing a +0 plate armour of fire resistance (severely wounded, 83% to hit)
The bolt of acid hits Saint Roka.
Saint Roka is severely wounded.
Saint Roka mumbles some strange prayers to Beogh against you.
Beogh smites you!
Aiming: Corrosive Bolt
Press: ? - help, Shift-Dir - straight line, f/p - Saint Roka
Aim: Saint Roka, wielding a +3 long sword of flaming and wearing a +0 plate armour of fire resistance (severely wounded, 83% to hit)
The bolt of acid hits Saint Roka.
The acid corrodes Saint Roka!
Saint Roka is severely wounded.
Saint Roka is engulfed in freezing vapours.
Saint Roka mumbles some strange prayers to Beogh against you.
Beogh smites you!
Aiming: Corrosive Bolt
Press: ? - help, Shift-Dir - straight line, f/p - Saint Roka
Aim: Saint Roka, wielding a +3 long sword of flaming and wearing a +0 plate armour of fire resistance (freezing vapour, severely wounded, covered in acid, 83% to hit)
The bolt of acid hits Saint Roka.
Saint Roka is severely wounded.
Saint Roka is engulfed in freezing vapours.
Saint Roka calls down the wrath of Beogh upon you.
Beogh smites you!
* * * LOW HITPOINT WARNING * * *
You are confused.
Your system partially rejects the healing.
You feel invigorated.
Saint Roka is engulfed in freezing vapours.
Saint Roka invokes the aid of Beogh against you.
Beogh smites you!
* * * LOW HITPOINT WARNING * * *
Saint Roka is engulfed in freezing vapours.
Saint Roka hits you with a +3 long sword of flaming!!
* * * LOW HITPOINT WARNING * * *
Saint Roka burns you!
You die...

...............$..)..##
.........#.......#...##
...#.....##.##..###.##
...........#....# ###
...............##.
#....#..<..#.......
#.#......)........#
......§.o☼....#..##
#....☼○@.#...#.###
#........°§.....#
##..#....##..#.##
###....## ##### #...###
..... #.#... ####..


You could see Saint Roka (corroded).

Vanquished Creatures
  An orc warlord (Orc:1)
  Snorg (D:10)
  2 deep elf death magi (D:13)
  A rakshasa (D:15)
  11 hydras
  Erolcha (D:10)
  4 ogre magi
  2 boulder beetles
  7 two-headed ogres
  5 centaur warriors
  An orc high priest (Orc:1)
  7 tengu warriors
  A fire crab (Lair:4)
  2 goliath frogs (Lair:5)
  A glowing orange brain (D:15)
  Pikel (D:8)
  A deep elf zephyrmancer (D:13)
  A necromancer (D:13)
  7 deep elf pyromancers
  A lindwurm (Lair:4)
  5 orc knights
  12 ugly things (D:15)
  3 orc sorcerers
  5 cyclopes
  A manticore (D:10)
  2 merfolk sirens (Lair:2)
  6 elephants (Lair:2)
  A black mamba (Lair:5)
  3 gargoyles
  An unseen horror (D:13)
  5 rime drakes
  16 cane toads
  A freezing wraith (D:14)
  6 komodo dragons
  10 kobold demonologists
  7 tengu conjurers
  6 trolls
  A polar bear (Lair:1)
  2 tyrant leeches (Lair:5)
  A meliai (D:14)
  A polar bear (shapeshifter) (D:13)
  Prince Ribbit (D:6)
  2 merfolk (Lair:2)
  20 slime creatures
  8 blink frogs
  A vampire (D:10)
  A centaur simulacrum (D:13)
  A shadow (D:11)
  3 wyverns
  A spriggan (shapeshifter) (D:15)
  2 water elementals (D:15)
  30 yaks
  3 steam dragons
  4 basilisks
  15 vampire mosquitoes
  A naga (Lair:3)
  3 acid dragons
  11 water moccasins
  2 ice beasts
  2 black bears
  37 orc warriors
  2 sky beasts (D:7)
  12 ogres
  4 wolves (Lair:1)
  5 centaurs
  6 kobold brigands
  3 lemures (D:8)
  19 bullfrogs
  A necrophage (D:8)
  2 scorpions
  3 gnoll sergeants
  3 wights (D:9)
  4 killer bees (D:7)
  5 electric eels
  A crimson imp (D:10)
  A hound (D:5)
  8 jellies
  16 orc priests
  Natasha (thrice) (D:2)
  18 orc wizards
  Robin (D:4)
  26 gnolls
  8 adders
  2 white imps
  4 worms
  63 orcs
  4 bats
  25 endoplasms
  3 giant cockroaches
  22 goblins
  14 hobgoblins
  7 jackals
  19 kobolds
  5 ball pythons
  3 frilled lizards
  4 rats (D:3)
627 creatures vanquished.

Vanquished Creatures (collateral kills)
  A quicksilver ooze (Lair:4)
  A fire dragon (D:14)
  A death knight (D:14)
  A goliath frog (Lair:5)
  3 cane toads
  2 yaks (Lair:4)
  An orc priest (Orc:1)
  A jelly (Lair:4)
11 creatures vanquished.

Vanquished Creatures (others)
  Nessos (Lair:3)
  A tengu conjurer (D:13)
  A kobold (D:13)
  A fulminant prism (D:13)
  37 fungi
  85 plants
126 creatures vanquished.

Grand Total: 764 creatures vanquished

Notes
Turn   | Place    | Note
-------+----------+-------------------------------------------
     0 | D:5      | zlionsfan the Merfolk Delver began the quest for the Orb.
     0 | D:5      | Reached XP level 1. HP: 18/18 MP: 1/1
   111 | D:5      | Noticed an orc wizard
   157 | D:5      | Noticed a black bear
   170 | D:5      | Noticed a jelly
   180 | D:5      | Killed a jelly
   181 | D:5      | Reached XP level 2. HP: 21/24 MP: 2/2
   181 | D:5      | Reached XP level 3. HP: 25/29 MP: 3/3
   181 | D:5      | Noticed an ogre
   185 | D:5      | Found a stormy altar of Qazlal.
   185 | D:5      | Noticed a fire elemental
   185 | D:5      | Noticed a water elemental
   185 | D:5      | Noticed an earth elemental
   185 | D:5      | Noticed an air elemental
   192 | D:5      | Became a worshipper of Qazlal Stormbringer
   303 | D:2      | Identified the +8 dagger "Murmur" {flame, Int+4}
   929 | D:1      | Found Foetub's Assorted Antiques.
   931 | D:1      | Found Ogek's Book Shop.
   959 | D:1      | Found Kubov's Antique Weapon Shoppe.
  1006 | D:1      | Learned a level 1 spell: Magic Dart
  1133 | D:1      | Reached XP level 4. HP: 37/37 MP: 4/4
  1140 | D:1      | Found a faded altar of an unknown god.
  1531 | D:1      | Found Ylutisask's Book Shop.
  1597 | D:1      | Found Otujouto's Book Emporium.
  1982 | D:2      | Noticed Natasha
  1986 | D:2      | Killed Natasha
  2028 | D:2      | Noticed Natasha
  2037 | D:2      | Killed Natasha
  2038 | D:2      | Reached skill level 1 in Short Blades
  2129 | D:2      | Reached skill level 1 in Armour
  2129 | D:2      | Reached XP level 5. HP: 39/42 MP: 5/5
  2267 | D:2      | Noticed Natasha
  2273 | D:2      | Killed Natasha
  2273 | D:2      | Reached * piety under Qazlal
  2578 | D:3      | Reached skill level 2 in Short Blades
  2578 | D:3      | Reached XP level 6. HP: 35/48 MP: 6/6
  2821 | D:3      | Reached skill level 3 in Short Blades
  2967 | D:3      | Found a bloodstained altar of Trog.
  3133 | D:3      | Reached ** piety under Qazlal
  3310 | D:3      | Found a sacrificial altar of Ru.
  3530 | D:4      | Found an ornate altar of the Wu Jian Council.
  3690 | D:4      | Noticed Robin
  3707 | D:4      | Killed Robin
  3937 | D:4      | Reached skill level 4 in Short Blades
  3937 | D:4      | Reached XP level 7. HP: 25/54 MP: 7/7
  4122 | D:4      | Found Wiatairch's Distillery.
  4130 | D:4      | Bought a potion of curing for 42 gold pieces
  4130 | D:4      | Bought a potion of curing for 42 gold pieces
  4130 | D:4      | Bought a potion of degeneration for 14 gold pieces
  4353 | D:4      | Found a glowing silver altar of Zin.
  4488 | D:5      | Reached skill level 5 in Short Blades
  4621 | D:5      | Reached skill level 1 in Shields
  4663 | D:5      | Reached skill level 6 in Short Blades
  4663 | D:5      | Reached XP level 8. HP: 61/61 MP: 9/9
  4959 | D:6      | Noticed Prince Ribbit
  4968 | D:6      | Killed Prince Ribbit
  5027 | D:6      | Reached skill level 7 in Short Blades
  5027 | D:6      | Reached skill level 1 in Spellcasting
  5322 | D:6      | Reached skill level 8 in Short Blades
  5718 | D:7      | Reached XP level 9. HP: 67/67 MP: 10/10
  5722 | D:7      | Reached skill level 5 in Dodging
  5725 | D:7      | Learned a level 2 spell: Call Imp
  5918 | D:7      | Reached *** piety under Qazlal
  5924 | D:7      | Reached skill level 9 in Short Blades
  6127 | D:7      | Found a staircase to the Ecumenical Temple.
  6131 | D:7      | Found a flagged portal.
  6141 | Bailey   | Entered a bailey
  6215 | Bailey   | Reached skill level 5 in Fighting
  6348 | Bailey   | Reached skill level 1 in Invocations
  6713 | Bailey   | Reached **** piety under Qazlal
  6779 | Bailey   | Noticed an orc warlord
  6926 | Temple   | Entered the Ecumenical Temple
  7167 | D:7      | Found a shimmering altar of Xom.
  7216 | D:7      | Reached skill level 10 in Short Blades
  7378 | D:8      | Noticed Pikel
  7465 | D:8      | Reached XP level 10. HP: 56/74 MP: 12/12
  7548 | D:8      | Learned a level 2 spell: Blink
  7552 | D:8      | Learned a level 3 spell: Mephitic Cloud
  7823 | D:8      | Reached skill level 1 in Evocations
  7938 | D:8      | Found a runed translucent gate.
  7939 | D:8      | Found a runed translucent gate.
  7939 | D:8      | Found an opulent altar of Gozag.
  7940 | D:8      | Found a runed translucent gate.
  7942 | D:8      | Noticed hawla's ghost (novice MeIE)
  8347 | D:8      | Killed Pikel
  8536 | D:9      | Reached skill level 5 in Shields
  8551 | D:9      | Reached skill level 1 in Conjurations
  8632 | D:9      | Found a staircase to the Orcish Mines.
  8671 | D:9      | Found Coninnaq's Jewellery Boutique.
  9002 | D:9      | Found a basalt altar of Yredelemnul.
  9032 | D:9      | Noticed a two-headed ogre
  9041 | D:9      | Killed a two-headed ogre
  9166 | D:9      | Reached skill level 11 in Short Blades
  9420 | D:10     | Entered Level 10 of the Dungeon
  9421 | D:10     | Found a staircase to the Lair.
  9436 | D:10     | Noticed a manticore
  9440 | D:10     | Killed a manticore
  9444 | D:10     | Noticed Snorg
  9463 | D:10     | Killed Snorg
  9464 | D:10     | Reached skill level 1 in Poison Magic
  9464 | D:10     | Reached XP level 11. HP: 76/83 MP: 9/14
  9484 | D:10     | Reached skill level 5 in Invocations
  9496 | D:10     | Reached skill level 1 in Air Magic
  9669 | D:10     | Identified the +1 robe of Kyxt {+Inv rC- Int+6 Dex+3}
  9807 | D:10     | Noticed Erolcha
  9839 | D:10     | Killed Erolcha
 10010 | D:10     | Found a glowing golden altar of the Shining One.
 10167 | D:10     | Noticed a two-headed ogre
 10176 | D:10     | Killed a two-headed ogre
 10282 | D:10     | Found a white marble altar of Elyvilon.
 10333 | D:10     | Found a burning altar of Makhleb.
 10340 | D:10     | Found a radiant altar of Vehumet.
 10480 | D:11     | Noticed a cyclops
 10488 | D:11     | Killed a cyclops
 10492 | D:11     | Noticed a six-headed hydra
 10506 | D:11     | Killed a six-headed hydra
 10658 | D:11     | Noticed a boulder beetle
 10659 | D:11     | Found Kounek's Weapon Shop.
 10733 | Lair:1   | Entered Level 1 of the Lair of Beasts
 10970 | Lair:1   | Noticed an oklob plant
 10987 | Lair:1   | Reached ***** piety under Qazlal
 11271 | Lair:1   | Reached skill level 12 in Short Blades
 11972 | Lair:2   | Reached XP level 12. HP: 82/91 MP: 8/17
 12612 | Lair:2   | Found a staircase to the Shoals.
 13342 | Lair:3   | Noticed a four-headed hydra
 13352 | Lair:3   | Noticed Nessos
 13367 | Lair:3   | Killed a four-headed hydra
 13374 | Lair:3   | Noticed an eight-headed hydra
 13395 | Lair:3   | Noticed a six-headed hydra
 13410 | Lair:4   | Noticed a quicksilver ooze
 13466 | Lair:4   | You fall into a shaft and drop 1 floor!
 13466 | Lair:5   | Entered Level 5 of the Lair of Beasts
 13481 | Lair:5   | Reached skill level 13 in Short Blades
 13856 | Lair:4   | Reached XP level 13. HP: 91/98 MP: 10/19
 14335 | Lair:3   | Learned a level 2 spell: Wereblood
 15042 | D:11     | Bought a +3 glaive of flaming for 373 gold pieces
 15309 | D:11     | Found a burning altar of Makhleb.
 15309 | D:11     | Noticed a blizzard demon
 15542 | Lair:3   | Reached skill level 10 in Dodging
 15549 | Lair:3   | Killed Nessos
 16348 | Lair:3   | Found a staircase to the Snake Pit.
 16972 | Lair:4   | Killed a quicksilver ooze
 17087 | Lair:4   | Found a viscous altar of Jiyva.
 17088 | Lair:4   | Found a staircase to the Slime Pits.
 17182 | Lair:5   | Reached skill level 5 in Polearms
 17709 | Lair:5   | Reached XP level 14. HP: 97/108 MP: 21/21
 18900 | D:12     | Found Tumyf's Assorted Antiques.
 18953 | D:12     | Reached skill level 10 in Invocations
 18957 | D:12     | Bought a potion of heal wounds for 155 gold pieces
 18957 | D:12     | Bought a scroll of teleportation for 93 gold pieces
 19273 | D:12     | Learned a level 4 spell: Iskenderun's Mystic Blast
 19278 | D:12     | Learned a level 4 spell: Fulminant Prism
 19367 | D:12     | Reached skill level 10 in Stealth
 20698 | D:13     | Found a gate to the Vaults.
 21233 | D:13     | Reached skill level 5 in Spellcasting
 21350 | D:13     | Learned a level 3 spell: Confusing Touch
 21437 | D:13     | Got Kashrezeu's Almanac of Changing and Jinxing
 21448 | D:13     | Got the Collected Works on Loathsome Heat
 21500 | D:13     | Reached skill level 14 in Short Blades
 21500 | D:13     | Found a shimmering blue altar of Sif Muna.
 21728 | D:13     | Got Ruejeus's Dissertation on Calorific Forms
 21730 | D:13     | Got the Atlas of Mutagenic Snow
 21735 | D:13     | Learned a level 3 spell: Ignite Poison
 21751 | D:13     | Got the Handbook of Necromancy and Incandescence
 22409 | D:14     | Reached XP level 15. HP: 80/115 MP: 23/23
 23213 | D:14     | You fall into a shaft and drop 1 floor!
 23213 | D:15     | Entered Level 15 of the Dungeon
 23539 | D:15     | Reached skill level 5 in Conjurations
 23547 | D:15     | Reached skill level 5 in Armour
 23835 | D:15     | Reached skill level 10 in Fighting
 23843 | D:15     | Identified the +4 flail of the Holding Spider {freeze,
                  | rPois rC+ Str+2}
 24517 | D:15     | Found a staircase to the Depths.
 24593 | D:15     | Reached skill level 10 in Shields
 25641 | Orc:1    | Entered Level 1 of the Orcish Mines
 25924 | Orc:1    | Noticed an orc warlord
 25931 | Orc:1    | Killed an orc warlord
 26379 | Orc:1    | Paralysed by an orc sorcerer for 5 turns
 26474 | Orc:1    | Reached ****** piety under Qazlal
 26788 | Orc:2    | Entered Level 2 of the Orcish Mines
 27045 | Orc:2    | Gained mutation: Potions are less effective at restoring
                  | your health. [a neqoxec]
 27051 | Orc:2    | Reached XP level 16. HP: 90/123 MP: 21/25
 27181 | Orc:2    | Noticed Saint Roka
 27658 | Orc:2    | Slain by Saint Roka

Illustrated notes

Levels and vault maps discovered:
D:1:      sevenhm_arrival_forest_fort_large_2, layout_loops_ring,
          ebering_ecumenical_altar_hall, serial_shops, nicolae_shop_crystal,
          nicolae_shop_overgrown_old_shop, shop, nicolae_shop_hallway_stairs,
          nicolae_lakefront_shop
D:2:      layout_basic, uniq_natasha
D:3:      layout_loops_cross, lemuel_round_altar,
          nicolae_ru_the_path_less_chosen, minmay_quantized
D:4:      layout_gridville, nicolae_overflow_hidden_temple,
          nicolae_wu_jian_wuxing_cycle, enter_ossuary_5, serial_shops,
          nicolae_diamond_shop, uniq_robin
D:5:      layout_basic, nicolae_qazlal_style_of_elements,
          nicolae_kite_square_tiling_tiny
D:6:      layout_loops_ring, hangedman_decor_lopped, uniq_prince_ribbit1
D:7:      layout_cave_pools, kennysheep_little_box, temple_fountains,
          enter_bailey_2
D:8:      layout_basic, ebering_ghost_gozag, uniq_pikel
D:9:      layout_irregular_city, mainiacjoe_overflow_small_starburst,
          orc_0_dummy, serial_shops, nicolae_shop_advertising_works
          [nicolae_subvault_shop_adworks]
D:10:     layout_basic, grunt_temple_overflow_lords_of_destruction,
          nicolae_tso_carved_into_rock, nicolae_elyvilon_temple_path,
          fountainhead, minivault_5, uniq_erolcha, uniq_snorg
D:11:     layout_loops_corners, serial_shops, nicolae_shop_statue_plus,
          makhleb_altar_promises_db
D:12:     layout_gridville, serial_shops, shop_fountains
D:13:     evilmike_library_of_no_secrets, layout_irregular_city, david_vaults_1,
          portal_ice_cave_entry_pillars_2
D:14:     minmay_the_grid_triangle_9x9_recursive_3_mashed
          [minmay_the_grid_triangle_9x9_tough_junction,
          minmay_the_grid_triangle_9x9_warning,
          minmay_the_grid_triangle_9x9_fully_insulated_deathbox,
          minmay_the_grid_triangle_9x9_prize_schism,
          minmay_the_grid_triangle_9x9_sprig,
          minmay_the_grid_triangle_9x9_descending_squares,
          minmay_the_grid_triangle_9x9_minimal,
          minmay_the_grid_triangle_9x9_wacky_v,
          minmay_the_grid_triangle_9x9_thin_v], layout_stronghold, zin_angel
D:15:     gammafunk_enter_depths_forms, layout_basic,
          wad_floor_pattern_untrapped
Temple:   nicolae_temple_bog_church
Lair:1:   lemuel_slime, layout_regular_city
Lair:2:   layout_roguey, elwin_shoals_entry_stream,
          nicolae_quartered_pool_medium
Lair:3:   layout_loops_ring, guppyfry_snake_entry_island, minivault_26,
          grunt_megastairs_1, uniq_nessos
Lair:4:   layout_big_grid, dpeg_slime_entry_enclosed,
          nicolae_lair_time_for_slime, grunt_megastairs_2
Lair:5:   minmay_lair_end_frog_pond, layout_regular_city, guppyfry_lair_drakes
Orc:1:    orc_temple, layout_caves, basic_altar, mines1_david
Orc:2:    grunt_orc_cross, layout_caves, serial_shops, bzr_entry_gold,
          nicolae_orc_lava_tube

Skill      XL: |  1  2  3  4  5  6  7  8  9 10 11 12 13 14 15 |
---------------+----------------------------------------------+-----
Stealth        | 6 7 8 9 10 11 | 11.3
Polearms       | 3 5 7 8 |  8.1
Dodging        | 3 4 6 7 8 9 10 11 12 | 12.1
Short Blades   | 1 2 4 6 8 10 11 12 13 14 | 14.3
Armour         | 1 2 3 4 5 |  5.1
Fighting       | 4 5 6 7 8 9 10 | 10.4
Shields        | 1 3 4 5 6 7 8 9 10 | 10.2
Spellcasting   | 1 2 3 4 5 6 |  6.6
Invocations    | 2 4 6 8 9 11 12 | 12.0
Evocations     | 1 |  1.3
Conjurations   | 1 2 3 4 5 |  5.8
Poison Magic   | 1 2 3 4 |  4.2
Air Magic      | 1 2 3 |  3.1
Summonings     | |  0.5
Translocations | |  0.9
Fire Magic     | |  0.2

Action                   |  1- 3 |  4- 6 |  7- 9 | 10-12 | 13-15 | 16-18 || total
-------------------------+-------+-------+-------+-------+-------+-------++-------
Melee: Spear             |    12 |       |       |       |       |       ||    12
       Dagger            |    21 |   154 |   279 |   551 |  1458 |    28 ||  2491
       Punch             |       |       |     4 |    13 |    29 |       ||    46
       Tailslap          |       |       |       |     5 |    15 |       ||    20
       Short sword       |       |       |       |     4 |       |       ||     4
       Glaive            |       |       |       |       |    64 |       ||    64
 Cast: Magic Dart        |       |     5 |     3 |     5 |     2 |       ||    15
       Mephitic Cloud    |       |       |       |    26 |    73 |     3 ||   102
       Call Imp          |       |       |       |     4 |       |       ||     4
       Blink             |       |       |       |     2 |     1 |       ||     3
       Fulminant Prism   |       |       |       |       |     1 |       ||     1
       Ignite Poison     |       |       |       |       |     2 |       ||     2
       Iskenderun's Myst |       |       |       |       |     1 |       ||     1
       Confusing Touch   |       |       |       |       |       |     1 ||     1
Invok: Elemental Force   |       |       |       |     1 |     5 |     2 ||     8
       Disaster Area     |       |       |       |     1 |       |       ||     1
       Upheaval          |       |       |       |       |     2 |       ||     2
Evoke: Wand              |       |     1 |     5 |     6 |     3 |     6 ||    21
       Lightning rod     |       |       |       |       |       |     3 ||     3
  Use: Scroll            |     3 |       |    16 |    14 |     5 |     1 ||    39
       Potion            |     1 |       |     4 |    10 |     4 |     2 ||    21
 Stab: Sleeping          |     4 |     4 |       |       |       |       ||     8
       Confused          |       |       |       |    21 |    58 |     1 ||    80
       Invisible         |       |       |       |     1 |       |       ||     1
       Paralysed         |       |       |       |     1 |       |       ||     1
Armor: Leather armour    |     6 |    19 |    37 |    55 |   188 |       ||   305
Dodge: Dodged            |    20 |    58 |    90 |   188 |   580 |     8 ||   944
       Repelled          |       |       |     1 |     5 |     7 |       ||    13
Block: Other             |       |    24 |    74 |   155 |   466 |     7 ||   726
       Reflection        |       |       |       |     2 |    21 |       ||    23
